 Dungeon Crawl Stone Soup version 0.27-a0-489-g24c7b1a3ef (webtiles) character file.

Game seed: 8510812731960805254

6023 sahdkjhfkaj the Blocker (level 10, -4/82 HPs)
             Began as a Gnoll Fighter on Mar 2, 2021.
             Was a Priest of Ashenzari.
             Slain by an orc warrior
             ... wielding a +0 glaive
              (13 damage)
             ... on level 10 of the Dungeon.
             The game lasted 00:07:59 (10879 turns).

sahdkjhfkaj the Blocker (Gnoll Fighter)            Turns: 10879, Time: 00:08:00

Health: -4/82      AC: 25    Str: 16    XL:     10   Next: 86%
Magic:  18/18      EV:  9    Int: 11    God:    Ashenzari [***...]
Gold:   376        SH: 12    Dex: 14    Spells: 16/20 levels left

rFire    + . .     SeeInvis +     - Unarmed
rCold    + . .     Faith    .   b - +0 kite shield
rNeg     . . .     Spirit   .   z - +6 chain mail of Ashenzari's Pleiades {+Blink rC+, Melee, Evo} (curse)
rPois    .         Reflect  .   i - +2 helmet "Behold Eternity" {Will+ Dex+3, Bglg, Fort} (curse)
rElec    .         Harm     .   g - +0 cloak "Astral Awkwardness" {Comp, Fort} (curse)
rCorr    .         Rampage  .   (no gloves)
Will     +....     Clarity  +   r - +0 pair of boots
Stlth    ..........             w - amulet "Circumscribed Together" {RegenMP, Range, Melee} (curse)
HPRegen  0.23/turn              f - ring of the Unyielding Gaze {rF+, Alch, Elem} (curse)
MPRegen  0.41/turn              (no ring)

@: no status effects
A: distributed training, fangs 1, strong nose
a: Renounce Religion, Evoke Blink, Shatter the Chains


You were on level 10 of the Dungeon.
You worshipped Ashenzari.
Ashenzari was most pleased with you.
You visited 1 branch of the dungeon, and saw 10 of its levels.

You collected 575 gold pieces.
You spent 199 gold pieces at shops.

Inventory:

Armour
 b - a +0 kite shield (worn)
 g - the cursed +0 cloak "Astral Awkwardness" (worn) {Comp, Fort}
   (You found it on level 1 of the Dungeon)

   It has a curse placed upon it.
 i - the cursed +2 helmet "Behold Eternity" (worn) {Will+ Dex+3, Bglg, Fort}
   (You found it on level 5 of the Dungeon)

   It affects your dexterity (+3).
   It affects your willpower, your defense against some magical effects.
   It has a curse placed upon it.
 r - a +0 pair of boots (worn)
 z - the cursed +6 chain mail of Ashenzari's Pleiades (worn) {+Blink rC+, Melee, Evo}
   (You bought it in a shop on level 6 of the Dungeon)

   It protects you from cold.
   It lets you blink.
   It has a curse placed upon it.
Jewellery
 f - a cursed ring of the Unyielding Gaze (left hand) {rF+, Alch, Elem}
   (You found it on level 2 of the Dungeon)

   [ring of protection from fire]

   It protects you from fire.
   It has a curse placed upon it.
 w - the cursed amulet "Circumscribed Together" (around neck) {RegenMP, Range, Melee}
   (You found it on level 4 of the Dungeon)

   [amulet of magic regeneration]

   It increases your magic regeneration.
   It has a curse placed upon it.
Wands
 a - a wand of paralysis (7)
 d - a wand of charming (10)
 o - a wand of iceblast (14) {@v4}
 v - a wand of acid (6) {@v2}
Scrolls
 e - a scroll of fog
 h - a scroll of fear
 l - 3 scrolls of blinking {@r4}
 q - 3 scrolls of immolation
 t - a scroll of amnesia
 y - 2 scrolls of enchant weapon
 A - a scroll of teleportation {@r3}
 D - a scroll of enchant armour
Potions
 c - 2 potions of might {@q4}
 j - 3 potions of invisibility
 k - a potion of cancellation
 m - a potion of haste {@q3}
 n - 5 potions of lignification
 s - 2 potions of attraction
 u - a potion of mutation
 B - 2 potions of curing {@q1}
 C - a potion of magic


   Skills:
 + Level 8.8 Fighting
 + Level 5.6(9.5) Short Blades
 + Level 5.6(9.5) Long Blades
 + Level 5.6(9.5) Axes
 + Level 5.6(9.5) Maces & Flails
 + Level 5.6(9.5) Polearms
 + Level 5.6(9.5) Staves
 + Level 5.6(8.1) Slings
 + Level 5.6(8.1) Bows
 + Level 5.6(8.1) Crossbows
 + Level 5.6(8.1) Throwing
 + Level 8.8(12.5) Armour
 + Level 5.6 Dodging
 + Level 5.6 Stealth
 + Level 8.8(12.5) Shields
 + Level 7.4(11.2) Unarmed Combat
 + Level 5.6 Spellcasting
 + Level 4.7(7.0) Conjurations
 + Level 4.7(7.0) Hexes
 + Level 4.7(7.0) Summonings
 + Level 4.7(7.0) Necromancy
 + Level 4.7(7.0) Translocations
 + Level 4.7(7.0) Transmutations
 + Level 4.7(7.0) Fire Magic
 + Level 4.7(7.0) Ice Magic
 + Level 4.7(7.0) Air Magic
 + Level 4.7(7.0) Earth Magic
 + Level 4.7(7.0) Poison Magic
 + Level 6.2 Invocations
 + Level 5.6(8.1) Evocations


You had 16 spell levels left.
You knew the following spells:

 Your Spells              Type           Power        Failure   Level
o - Animate Armour        Summ/Erth      36%          80%         4

Your spell library contained the following spells:

 Spells                   Type           Power        Failure   Level
 Shock                    Conj/Air       72%          14%         1
 Ensorcelled Hibernation  Hex/Ice        36%          22%         2
 Swiftness                Air            18%          22%         2
 Static Discharge         Conj/Air       18%          38%         3
 Airstrike                Air            9%           80%         4
 Borgnjor's Vile Clutch   Necr/Erth      9%           98%         5
 Lightning Bolt           Conj/Air       9%           98%         5
 Silence                  Hex/Air        9%           98%         5
 Shadow Creatures         Summ           N/A          100%        6


Dungeon Overview and Level Annotations

Branches:
Dungeon (10/15)            Temple (0/1) D:6            Lair (0/6) D:9
    Orc: D:9-12

Altars:
Ashenzari
Cheibriados
Dithmenos
Gozag
Hepliaklqana
Makhleb
Okawaru
Uskayaw
Vehumet
Xom
Yredelemnul

Shops:
D:6 ?[   D:8 :


Innate Abilities, Weirdness & Mutations

Your experience applies equally to all skills.
You have very sharp teeth.
Your uncanny sense of smell can sniff out nearby items.


Message History

Unknown command.
You feel better. The orc barely misses you.
The orc warrior hits you but does no damage.
You punch the orc warrior!
The orc warrior is heavily wounded.
The orc hits you but does no damage.
You closely miss the orc warrior.
The orc warrior is heavily wounded.
The orc warrior hits you with a +0 glaive.
* * * LOW HITPOINT WARNING * * *
The orc barely misses you.
You hit the orc warrior but do no damage.
You bite the orc warrior, but do no damage.
The orc warrior is heavily wounded.
The orc hits you but does no damage. You block the orc warrior's attack.
You hit the orc warrior.
The orc warrior is severely wounded.
The orc hits you but does no damage.
Unknown command.
You punch the orc warrior!
You bite the orc warrior, but do no damage.
The orc warrior is almost dead.
The orc warrior hits you with a +0 glaive!
* * * LOW HITPOINT WARNING * * *
The orc hits you but does no damage.
You closely miss the orc warrior.
You bite the orc warrior, but do no damage.
The orc warrior is almost dead.
You block the orc warrior's attack.
Unknown command.
You hit the orc warrior.
You bite the orc warrior, but do no damage.
The orc warrior is almost dead.
The orc hits you but does no damage.
Unknown command.
You barely miss the orc warrior. Your bite misses the orc warrior.
The orc warrior is almost dead.
You block the orc's attack.
The orc warrior hits you with a +0 glaive!
You die...

, ......... , ,
,.<..... * , , ,
..... * * , ..y, ***
#[# * , ####.# * ,,
* #...y# ##o#### , *
#.o@..# * * **
#.....# ####+#### *
* #.....# #........
+ *#.....# #........
, *, #.....#
#........ * ,
#.....######).......
*
+.....'...##........
*
#..?..###..'........
#.....# ####.<......


You could see an orc warrior and an orc.

Vanquished Creatures
  A two-headed ogre (D:9)
  Pikel (D:9)
  Maurice (D:8)
  A troll (D:9)
  A hornet (D:9)
  5 yaks (D:9)
  3 wargs (D:9)
  A sky beast (D:7)
  2 orc warriors
  3 ice beasts
  A black bear (D:7)
  An ogre (D:7)
  2 centaurs
  3 phantoms
  3 kobold brigands (D:9)
  3 bullfrogs
  A wyvern skeleton (D:6)
  2 scorpions
  9 killer bees
  3 howler monkeys
  An electric eel (D:9)
  5 orc priests
  5 hounds
  2 bullfrog skeletons
  A centaur skeleton (D:8)
  4 orc wizards
  5 iguanas
  3 worker ants
  4 hound skeletons
  7 adders
  3 shadow imps
  3 white imps
  2 ufetubi
  An ooze (D:2)
  An adder skeleton (D:6)
  A worm (D:2)
  2 dart slugs
  3 leopard geckos
  27 orcs
  4 giant cockroaches
  12 goblins
  4 hobgoblins
  17 jackals
  5 quokkas
  A ball python (D:3)
  4 bats
  8 frilled lizards
  23 kobolds
  2 quokka skeletons
  3 rats
210 creatures vanquished.

Vanquished Creatures (others)
  A plant (D:2)
1 creature vanquished.

Grand Total: 211 creatures vanquished

Notes
Turn   | Place    | Note
-------+----------+-------------------------------------------
     0 | D:1      | sahdkjhfkaj the Gnoll Fighter began the quest for the Orb.
     0 | D:1      | Reached XP level 1. HP: 23/23 MP: 1/1
   389 | D:1      | Reached XP level 2. HP: 24/29 MP: 2/2
   819 | D:1      | Reached XP level 3. HP: 35/35 MP: 3/3
  1032 | D:2      | Found an opulent altar of Gozag.
  1035 | D:2      | Found a hazy altar of Hepliaklqana.
  1045 | D:2      | Found a shadowy altar of Dithmenos.
  1057 | D:2      | Found a shimmering altar of Xom.
  1119 | D:2      | Reached skill level 1 in Invocations
  1284 | D:2      | Reached skill level 1 in Short Blades
  1284 | D:2      | Reached skill level 1 in Long Blades
  1284 | D:2      | Reached skill level 1 in Axes
  1284 | D:2      | Reached skill level 1 in Maces & Flails
  1284 | D:2      | Reached skill level 1 in Polearms
  1284 | D:2      | Reached skill level 1 in Staves
  1284 | D:2      | Reached skill level 1 in Slings
  1284 | D:2      | Reached skill level 1 in Bows
  1284 | D:2      | Reached skill level 1 in Crossbows
  1284 | D:2      | Reached skill level 1 in Throwing
  1284 | D:2      | Reached skill level 1 in Dodging
  1284 | D:2      | Reached skill level 1 in Stealth
  1284 | D:2      | Reached skill level 1 in Spellcasting
  1284 | D:2      | Reached skill level 1 in Evocations
  1349 | D:2      | Found a faded altar of an unknown god.
  1405 | D:2      | Reached XP level 4. HP: 41/41 MP: 5/5
  2224 | D:3      | Reached skill level 1 in Conjurations
  2224 | D:3      | Reached skill level 1 in Hexes
  2224 | D:3      | Reached skill level 1 in Summonings
  2224 | D:3      | Reached skill level 1 in Necromancy
  2224 | D:3      | Reached skill level 1 in Translocations
  2224 | D:3      | Reached skill level 1 in Transmutations
  2224 | D:3      | Reached skill level 1 in Fire Magic
  2224 | D:3      | Reached skill level 1 in Ice Magic
  2224 | D:3      | Reached skill level 1 in Air Magic
  2224 | D:3      | Reached skill level 1 in Earth Magic
  2224 | D:3      | Reached skill level 1 in Poison Magic
  2592 | D:3      | Found a basalt altar of Yredelemnul.
  2887 | D:4      | Reached XP level 5. HP: 34/47 MP: 5/7
  3002 | D:4      | Found a hide-covered altar of Uskayaw.
  3003 | D:4      | Noticed a +0 dagger
  3003 | D:4      | Noticed a +0 hand axe
  3347 | D:4      | Reached XP level 6. HP: 47/53 MP: 8/8
  3643 | D:4      | Found a radiant altar of Vehumet.
  3736 | D:4      | Reached skill level 5 in Unarmed Combat
  4306 | D:5      | Entered Level 5 of the Dungeon
  4337 | D:5      | Reached XP level 7. HP: 29/59 MP: 10/10
  4604 | D:5      | Found a broken altar of Ashenzari.
  4817 | D:5      | Found a burning altar of Makhleb.
  4915 | D:5      | Became a worshipper of Ashenzari the Shackled
  5099 | D:5      | Identified the +2 helmet of Xiegeok {Will+ Dex+3}
  5692 | D:6      | Found Ottan's Antique Armour Shoppe.
  5701 | D:6      | Bought a pearl-encrusted chain mail for 199 gold pieces
  5701 | D:6      | Identified the +6 chain mail "Hemiz" {+Blink rC+} (You
                  | bought it in a shop on level 6 of the Dungeon)
  5891 | D:6      | Found a snail-covered altar of Cheibriados.
  5931 | D:6      | Found a staircase to the Ecumenical Temple.
  5957 | D:6      | Found Teppinik's Magic Scroll Boutique.
  6097 | D:6      | Found an opulent altar of Gozag.
  6105 | D:6      | Reached XP level 8. HP: 67/67 MP: 12/12
  6912 | D:7      | Reached * piety under Ashenzari
  7584 | D:7      | Reached ** piety under Ashenzari
  8058 | D:8      | Reached XP level 9. HP: 73/73 MP: 14/14
  8158 | D:8      | Found Ruqo's Book Emporium.
  8218 | D:8      | Found an iron altar of Okawaru.
  8474 | D:8      | Noticed Maurice
  8501 | D:8      | Killed Maurice
  8603 | D:9      | Noticed a two-headed ogre
  8615 | D:9      | Killed a two-headed ogre
  8616 | D:9      | Reached skill level 5 in Invocations
  8688 | D:9      | Reached XP level 10. HP: 32/80 MP: 17/17
  8910 | D:9      | Found a staircase to the Lair.
  9006 | D:9      | Reached skill level 5 in Short Blades
  9006 | D:9      | Reached skill level 5 in Long Blades
  9006 | D:9      | Reached skill level 5 in Axes
  9006 | D:9      | Reached skill level 5 in Maces & Flails
  9006 | D:9      | Reached skill level 5 in Polearms
  9006 | D:9      | Reached skill level 5 in Staves
  9006 | D:9      | Reached skill level 5 in Slings
  9006 | D:9      | Reached skill level 5 in Bows
  9006 | D:9      | Reached skill level 5 in Crossbows
  9006 | D:9      | Reached skill level 5 in Throwing
  9006 | D:9      | Reached skill level 5 in Dodging
  9006 | D:9      | Reached skill level 5 in Stealth
  9006 | D:9      | Reached skill level 5 in Spellcasting
  9006 | D:9      | Reached skill level 5 in Evocations
  9886 | D:9      | Noticed Pikel
  9899 | D:9      | Killed Pikel
 10039 | D:9      | Reached *** piety under Ashenzari
 10062 | D:9      | Noticed a deep elf archer
 10317 | D:9      | Identified the +1 ring mail of the Accordion {rElec rC-
                  | Str+3 Dex+3}
 10549 | D:9      | Learned a level 4 spell: Animate Armour
 10808 | D:10     | Entered Level 10 of the Dungeon
 10879 | D:10     | Slain by an orc warrior

Illustrated notes

Levels and vault maps discovered:
D:1:      dpeg_arrival_rhombi, layout_basic
D:2:      layout_basic, grunt_temple_overflow_cloverleaf,
          chequers_ecumenical_altar_island, serial_forest,
          infiniplex_forest_lined_4_way, infiniplex_forest_zigzag_2,
          infiniplex_forest_lined_2, infiniplex_forest_clump_small,
          infiniplex_forest_straight_5, infiniplex_forest_clump_long,
          infiniplex_forest_straight_4, infiniplex_forest_straight_4
D:3:      layout_rooms, yredelemnul_altar_generic
D:4:      layout_gridville, fiery_altar_vehumet, dancing_weapons_uskayaw
D:5:      layout_rooms, kennysheep_little_box, bloody_makhleb
D:6:      cheibrodos_helix_gallery, layout_loops_ring,
          nicolae_overflow_crystal_walls, minmay_temple_entry_fiery,
          serial_shops, nicolae_shop_crystal, nicolae_shop_waterfront,
          hangedman_glass_teeth, grunt_gozag_statues
D:7:      layout_loops_corners, serial_bayou_pond_d
D:8:      layout_rooms, lemuel_round_altar, serial_shops, nicolae_shop_crystal,
          kennysheep_small_circle, uniq_maurice
D:9:      layout_loops_corners, erik_lair_orcish_takeover,
          kennysheep_island_fort, uniq_pikel
D:10:     layout_roguey, serial_shops, kennysheep_mini

Skill      XL: |  1  2  3  4  5  6  7  8  9 10 |
---------------+-------------------------------+-----
Invocations    | 1 2 3 4 5 6 |  6.2
Short Blades   | 1 2 3 4 5 |  5.6
Long Blades    | 1 2 3 4 5 |  5.6
Axes           | 1 2 3 4 5 |  5.6
Maces & Flails | 1 2 3 4 5 |  5.6
Polearms       | 1 2 3 4 5 |  5.6
Staves         | 1 2 3 4 5 |  5.6
Slings         | 1 2 3 4 5 |  5.6
Bows           | 1 2 3 4 5 |  5.6
Crossbows      | 1 2 3 4 5 |  5.6
Throwing       | 1 2 3 4 5 |  5.6
Dodging        | 1 2 3 4 5 |  5.6
Stealth        | 1 2 3 4 5 |  5.6
Spellcasting   | 1 2 3 4 5 |  5.6
Evocations     | 1 2 3 4 5 |  5.6
Conjurations   | 1 2 3 4 |  4.7
Hexes          | 1 2 3 4 |  4.7
Summonings     | 1 2 3 4 |  4.7
Necromancy     | 1 2 3 4 |  4.7
Translocations | 1 2 3 4 |  4.7
Transmutations | 1 2 3 4 |  4.7
Fire Magic     | 1 2 3 4 |  4.7
Ice Magic      | 1 2 3 4 |  4.7
Air Magic      | 1 2 3 4 |  4.7
Earth Magic    | 1 2 3 4 |  4.7
Poison Magic   | 1 2 3 4 |  4.7
Unarmed Combat | 5 6 7 |  7.4
Fighting       | 7 8 |  8.8
Armour         | 7 8 |  8.8
Shields        | 7 8 |  8.8

Action                   |  1- 3 |  4- 6 |  7- 9 | 10-12 || total
-------------------------+-------+-------+-------+-------++-------
Melee: Unarmed           |   106 |   264 |   489 |   271 ||  1130
       Bite              |     9 |    29 |    60 |    35 ||   133
Invok: Curse Item        |       |       |     4 |     1 ||     5
Evoke: Wand              |       |     1 |     1 |       ||     2
  Use: Potion            |       |     4 |       |     2 ||     6
Armor: Scale mail        |    27 |     2 |       |       ||    29
       Chain mail        |       |   138 |   232 |   130 ||   500
Dodge: Dodged            |    23 |    65 |   134 |    88 ||   310
Block: Kite shield       |    48 |   167 |   256 |   182 ||   653

Table legend: (Time is in decaauts)
 A = Elapsed time spent in this place.
 B = Non-inter-level travel time spent in this place.
 C = Inter-level travel time spent in this place.
 D = Time resting spent in this place.
 E = Time spent auto-exploring this place.
 F = Levels seen in this place.
 G = Mean time per level.
                   A        B        C        D        E       F      G
               +--------+--------+--------+--------+--------+-----+--------+
         Total |  10890 |  10601 |    289 |    252 |   8639 |  10 | 1089.0 |
       Dungeon |  10890 |  10601 |    289 |    252 |   8639 |  10 | 1089.0 |
               +--------+--------+--------+--------+--------+-----+--------+

Top non-repeatable levels by time:
     D:9: 2209 daAuts
     D:4: 1659 daAuts
     D:7: 1490 daAuts
     D:6: 1093 daAuts
     D:5: 1087 daAuts
     D:1: 958 daAuts
     D:3: 864 daAuts
     D:2: 857 daAuts
     D:8: 605 daAuts
    D:10: 64 daAuts
